 Dungeon Crawl Stone Soup version 0.27.1-33-g824d729ab1 (webtiles) character file.

Game seed: 9354721999285117365

398 styxcanada the Covert (level 6, -3/32 HPs)
             Began as a Spriggan Brigand on Dec 5, 2021.
             Was an Initiate of Gozag.
             Splashed by a jelly's acid (10 damage)
             ... on level 4 of the Dungeon on Dec 6, 2021.
             The game lasted 00:16:14 (4671 turns).

styxcanada the Covert (Spriggan Brigand)            Turns: 4671, Time: 00:16:16

Health: -3/32      AC:  0    Str:  7    XL:     6   Next: 53%
Magic:  7/7        EV: 19    Int: 13    God:    Gozag
Gold:   123        SH:  0    Dex: 18    Spells: 5/5 levels left

rFire    . . .     SeeInvis +   a - +2 dagger
rCold    . . .     Faith    .   (shield restricted)
rNeg     . . .     Spirit   .   b - +0 robe
rPois    .         Reflect  .   (helmet restricted)
rElec    .         Harm     .   c - +1 cloak
rCorr    .         Rampage  .   (gloves unavailable)
Will     +....                  (boots unavailable)
Stlth    ++++......             (no amulet)
HPRegen  0.10/turn              (no ring)
MPRegen  0.10/turn              (no ring)

@: corroded, very quick
A: very small, no large weapons, unfitting armour, see invisible, speed 3
a: Renounce Religion, Potion Petition, Call Merchant, Bribe Branch


You were on level 4 of the Dungeon.
You worshipped Gozag.
Gozag was aware of your devotion.
You visited 1 branch of the dungeon, and saw 4 of its levels.

You collected 157 gold pieces.
You paid 34 gold pieces to Gozag.

Inventory:

Hand Weapons
 a - a +2 dagger (weapon)
Missiles
 d - 54 poisoned darts (quivered)
 e - 2 curare-tipped darts
 l - 43 stones
Armour
 b - a +0 robe (worn)
 c - a +1 cloak (worn)
Jewellery
 f - a +6 ring of intelligence
 i - a ring of fire
Wands
 k - a wand of charming (10)
Scrolls
 g - a scroll of teleportation
 h - 2 scrolls of amnesia
 m - 3 scrolls of identify
 n - a scroll of enchant weapon {unknown}
 p - 3 scrolls of fog {unknown}
Potions
 o - a potion of brilliance


   Skills:
 * Level 2.5 Fighting
 + Level 2.6 Short Blades
 + Level 3.1 Throwing
 * Level 4.2 Dodging
 * Level 8.8 Stealth
 * Level 2.3 Evocations


You had 5 spell levels left.
You didn't know any spells.
Your spell library was empty.

Dungeon Overview and Level Annotations

Branches:
Dungeon (4/15)             Temple (0/1) D:4

Altars:
Dithmenos
Fedhas
Gozag
Nemelex Xobeh
Okawaru
Qazlal
Uskayaw
Yredelemnul

Shops:
D:1 [=


Innate Abilities, Weirdness & Mutations

You are very small and have problems with some larger weapons.
You are too small for most types of armour.
You have supernaturally acute eyesight. (SInv)
You cover ground extremely quickly. (Speed+++)


Message History

Your library has no spells.
Throw: 58 darts (poison)
Press: ? - help, Q - select action, (/) - cycle Shift-Dir - straight line, f/p - jelly
Aim: a jelly (moderately wounded, poisoned, 90% to hit)
You throw a poisoned dart. The poisoned dart hits the jelly.
The jelly is moderately wounded.
Throw: 57 darts (poison)
Press: ? - help, Q - select action, (/) - cycle Shift-Dir - straight line, f/p - jelly
Aim: a jelly (heavily wounded, poisoned, 90% to hit)
You throw a poisoned dart. The poisoned dart hits the jelly.
The jelly is heavily wounded.
The jelly looks more healthy.
Found a pair of boots.
Throw: 56 darts (poison)
Press: ? - help, Q - select action, (/) - cycle Shift-Dir - straight line, f/p - jelly
Aim: a jelly (heavily wounded, 90% to hit)
You throw a poisoned dart. The poisoned dart hits the jelly!
The jelly is heavily wounded.
Throw: 55 darts (poison)
Press: ? - help, Q - select action, (/) - cycle Shift-Dir - straight line, f/p - jelly
Aim: a jelly (heavily wounded, 90% to hit)
You throw a poisoned dart.
The poisoned dart barely misses the jelly.
You hit the jelly but do no damage.
Your hands burn!
The jelly is heavily wounded.
The jelly closely misses you.
You hit the jelly.
Your hands burn!
The jelly is heavily wounded.
The jelly hits you.
You are splashed with acid!
You hit the jelly.
Your hands burn!
The jelly is heavily wounded.
The killer bee buzzes angrily.
You hit the jelly.
Your hands burn!
* * * LOW HITPOINT WARNING * * *
The jelly is severely wounded.
The jelly hits you.
* * * LOW HITPOINT WARNING * * *
The acid corrodes you!
You are splashed with acid!
You die...
Your body crumbles into a pile of gold.

# #.# ##### # #[# ....(
#.# #.# ..... .. #.#
######y# #.# .hyy.B.#
########.#
######............#######
..y.......J.((...#
########@#####..# # #.#
#..# #. ..# #(.# #.#####
#(.# ##.8.## #..#
#.....### #<.# #8.>.8..#
#..# #.......####(.#
#.8.#....##(.#


You could see a jelly and a killer bee.

Vanquished Creatures
  Duvessa (D:4)
  Dowan (D:4)
  2 killer bees (D:4)
  A hound (D:4)
  5 adders
  An ufetubus (D:4)
  A worm (D:3)
  4 dart slugs
  2 orcs (D:3)
  5 bats
  5 endoplasms
  5 giant cockroaches
  5 goblins
  8 hobgoblins
  A quokka (D:4)
  6 ball pythons
  4 kobolds
  4 rats
61 creatures vanquished.

Vanquished Creatures (others)
  A kobold (D:1)
1 creature vanquished.

Grand Total: 62 creatures vanquished

Notes
Turn   | Place    | Note
-------+----------+-------------------------------------------
     0 | D:1      | styxcanada the Spriggan Brigand began the quest for the
                  | Orb.
     0 | D:1      | Reached XP level 1. HP: 10/10 MP: 2/2
    26 | D:1      | Reached skill level 6 in Stealth
   218 | D:1      | Found Jiluw's Jewellery Shop.
   245 | D:1      | Reached XP level 2. HP: 15/15 MP: 3/3
   318 | D:1      | Found Rergho Sukoyn's Armour Shoppe.
   721 | D:1      | Found a faded altar of an unknown god.
   975 | D:2      | Reached skill level 7 in Stealth
   975 | D:2      | Reached XP level 3. HP: 18/18 MP: 4/4
  2610 | D:3      | Found a blossoming altar of Fedhas.
  2611 | D:3      | Found a stormy altar of Qazlal.
  2920 | D:3      | Reached XP level 4. HP: 23/23 MP: 5/5
  3308 | D:4      | Noticed Duvessa
  3308 | D:4      | Noticed Dowan
  3362 | D:4      | Noticed a phantom
  3379 | D:4      | Killed Duvessa
  3380 | D:4      | Reached skill level 8 in Stealth
  3380 | D:4      | Reached skill level 1 in Evocations
  3380 | D:4      | Reached XP level 5. HP: 14/26 MP: 6/6
  3382 | D:4      | Killed Dowan
  3886 | D:4      | Reached XP level 6. HP: 18/31 MP: 7/7
  3899 | D:4      | Found a sparkling altar of Nemelex Xobeh.
  3899 | D:4      | Found an iron altar of Okawaru.
  3899 | D:4      | Found a basalt altar of Yredelemnul.
  3899 | D:4      | Found a hide-covered altar of Uskayaw.
  3899 | D:4      | Found an opulent altar of Gozag.
  3904 | D:4      | Found a shadowy altar of Dithmenos.
  3918 | D:4      | Became a worshipper of Gozag Ym Sagoz the Greedy
  4626 | D:4      | Found a staircase to the Ecumenical Temple.
  4671 | D:4      | Splashed by a jelly's acid

Illustrated notes

Levels and vault maps discovered:
D:1:      dpeg_arrival_refuge, layout_rooms,
          shapermc_ecumenical_altar_flowoftime, serial_shops,
          nicolae_shop_trees, shop, minmay_circled_x
D:2:      layout_basic, grunt_ministairs_2, minmay_close_crescents
D:3:      layout_basic, grunt_temple_overflow_forces_of_nature,
          chequers_arboretum
D:4:      layout_loops_ring, grunt_temple_overflow_open,
          minmay_temple_entry_statues_pillars, serial_park_tiny_pond,
          uniq_duvessa

Skill      XL: |  1  2  3  4  5  6 |
---------------+-------------------+-----
Stealth        | 6 7 8 |  8.8
Dodging        | 2 3 4 |  4.2
Fighting       | 2 |  2.5
Evocations     | 1 2 |  2.3
Throwing       | 3 |  3.1
Short Blades   | |  2.6

Action                   |  1- 3 |  4- 6 || total
-------------------------+-------+-------++-------
Melee: Dagger            |   121 |    95 ||   216
Throw: Dart              |    29 |    41 ||    70
  Use: Scroll            |     6 |     3 ||     9
       Potion            |       |     2 ||     2
 Stab: Sleeping          |    16 |     6 ||    22
Armor: Robe              |    19 |    10 ||    29
Dodge: Dodged            |    64 |   134 ||   198
